 Dungeon Crawl Stone Soup version 0.16-a0-1183-g5b05a17 (webtiles) character file.

80 Kashira the Chopper (level 4, -6/23 HPs)
             Began as a Vine Stalker Berserker on Oct 10, 2014.
             Was a Believer of Trog.
             Killed from afar by an orc wizard (9 damage)
             ... with a puff of flame
             ... on level 3 of the Dungeon.
             The game lasted 00:06:24 (982 turns).

Kashira the Chopper (Vine Stalker Berserker)         Turns: 982, Time: 00:06:24

Health: -6/23      AC:  2    Str: 20    XL:     4   Next: 39%
Magic:  0/5        EV: 12    Int: 12    God:    Trog [**....]
Gold:   126        SH:  0    Dex: 14    Spells: 0 memorised, 3 levels left

rFire  . . .     SeeInvis .     a - +0 hand axe
rCold  + . .     Clarity  .     b - +0 animal skin
rNeg   . . .     SustAb   .     (no shield)
rPois  .         Gourm    .     (no helmet)
rElec  .         Spirit   +     (no cloak)
rCorr  .         Warding  .     (no gloves)
rMut   .         Stasis   .     (no boots)
MR     .....                    (no amulet)
Stlth  +.........               m - ring of protection from cold
                                j - +5 ring of intelligence

@: confused, exhausted, slowed, very slow, not resistant to hostile
enchantments, very unstealthy
A: fangs 2, regeneration 1, magic shield, antimagic bite, no device heal 3, rot
immunity
a: Burn Spellbooks, Berserk, Trog's Hand, Renounce Religion


You were on level 3 of the Dungeon.
You worshipped Trog.
Trog was pleased with you.
You were very hungry.

You visited 1 branch of the dungeon, and saw 3 of its levels.

You collected 126 gold pieces.

Inventory:

Hand weapons
 a - a +0 hand axe (weapon)
Armour
 b - a +0 animal skin (worn)
Comestibles
 c - 4 bread rations
 g - 2 meat rations
 k - a rotting chunk of goblin flesh
Scrolls
 e - a scroll of enchant weapon {unknown}
 h - a scroll of teleportation {unknown}
 i - a scroll of remove curse {unknown}
Jewellery
 j - a +5 ring of intelligence (left hand)
 m - a ring of protection from cold (right hand)
Potions
 d - a potion of confusion {unknown}
 f - 2 potions of might {unknown}
 l - a potion of poison {unknown}
 n - a potion of experience {unknown}
 o - a potion of magic {unknown}


   Skills:
 - Level 2.7 Fighting
 * Level 4.5 Axes
 - Level 1.7 Armour
 - Level 1.5 Dodging


You had 3 spell levels left.
You didn't know any spells.

Dungeon Overview and Level Annotations

Branches:
Dungeon (3/15)

Altars:
Dithmenos
Kikubaaqudgha


Innate Abilities, Weirdness & Mutations

You have extremely sharp teeth.
Your natural rate of healing is unusually fast.
When hurt, damage is shared between your health and your magic reserves.
Your bite disrupts and absorbs the magic of your enemies.
Potions and wands cannot restore your health.
You are immune to rotting.


Message History

You are confused.
You bump into the rock wall.
Something hits you.
You barely miss something. Something hits you.
You miss something. Your bite misses something.
You hear some strange, mumbled words.
You are more confused.
You're too confused to move!
You feel a strong urge to attack something.
You hear some strange, mumbled words.
The puff of flame hits you!
* * * LOW HITPOINT WARNING * * *
You bump into the rock wall.
You feel your anger subside.
You are no longer berserk.
You are exhausted.
You feel yourself slow down.
You are feeling very hungry.
You hear some strange, mumbled words.
The puff of flame hits you!
You die...

#.##......_...####
.................#
..#####....##.##.#
####.....#.##.##.##
#.....#.##.....# ##
#.....# ####..# .#
#.....#.#####..#
.###.....#......)##
.##....<..######@#
.##.##.##.# #{#
.##.##.# # #g#
.......# #.#
#####.## #.# # #.#
... # #.. ..... #
#..# ....#.. # . #
#(...(...


You could see a hobgoblin.

Vanquished Creatures
  Terence (D:2)
  2 adders (D:2)
  A giant mite (D:1)
  2 worms (D:2)
  2 orcs (D:3)
  2 giant cockroaches
  3 hobgoblins
  7 bats
  A giant newt (D:1)
  8 goblins
  A kobold (D:1)
  5 rats
35 creatures vanquished.

Notes
Turn   | Place    | Note
--------------------------------------------------------------
     0 | D:1      | Kashira, the Vine Stalker Berserker, began the quest for the Orb.
     0 | D:1      | Reached XP level 1. HP: 11/11 MP: 1/1
   244 | D:1      | Reached skill level 3 in Axes
   244 | D:1      | Reached XP level 2. HP: 11/16 MP: 3/3
   367 | D:1      | Acquired Trog's second power
   538 | D:2      | Reached XP level 3. HP: 19/19 MP: 4/4
   544 | D:2      | Noticed Terence
   557 | D:2      | Killed Terence
   618 | D:2      | Reached skill level 4 in Axes
   711 | D:2      | Reached XP level 4. HP: 16/23 MP: 5/5
   921 | D:3      | Found a shadowy altar of Dithmenos.
   922 | D:3      | Found an ancient bone altar of Kikubaaqudgha.
   982 | D:3      | Killed from afar by an orc wizard

Action                   |  1- 3 |  4- 6 || total
-------------------------+-------+-------++-------
Melee: Hand axe          |    96 |    25 ||   121
Invok: Berserk           |     1 |     1 ||     2
  Eat: Chunk             |       |     1 ||     1
